 Dungeon Crawl Stone Soup version 0.29-a0-700-g2f1814c7b2 (webtiles) character file.

Game seed: 13229273185520251053

8983 riojii the Blocker (level 11, 0/99 (101) HPs)
             Began as a Minotaur Fighter on June 25, 2022.
             Was a Follower of Makhleb.
             Slain by a six-headed hydra (10 damage)
             ... on level 8 of the Dungeon.
             The game lasted 00:13:34 (11435 turns).

riojii the Blocker (Minotaur Fighter)              Turns: 11435, Time: 00:13:35

HP:   0/99 (101)    AC: 13    Str: 30    XL:     11   Next: 17%
MP:   10/10         EV:  8    Int:  5    God:    Makhleb [*.....]
Gold: 590           SH:  6    Dex:  9    Spells: 10/10 levels left

rFire   . . .      SeeInvis .   m - +5 flail of Accord {vamp, rPois rN+ Str-2}
rCold   . . .      Faith    .   c - +0 buckler
rNeg    + . .      Spirit   .   D - +0 chain mail
rPois   +          Reflect  .   (helmet restricted)
rElec   .          Harm     .   C - +0 cloak {rCorr}
rCorr   +          Rampage  .   (no gloves)
Will    +....                   (no boots)
Stlth   ..........              (no amulet)
HPRegen 0.26/turn               n - ring of willpower
MPRegen 0.12/turn               j - +6 ring of strength

@: lightly drained
A: horns 2, retaliatory headbutt
a: Renounce Religion


You were on level 8 of the Dungeon.
You worshipped Makhleb.
Makhleb was aware of your devotion.
You visited 2 branches of the dungeon, and saw 9 of its levels.
You also visited: Ossuary.

You collected 590 gold pieces.

Inventory:

Hand Weapons
 m - the +5 flail of Accord (weapon) {vamp, rPois rN+ Str-2}
   (You found it on level 2 of the Dungeon)

   It occasionally heals its wielder for a portion of the damage dealt when it
   wounds a living foe.
   Str:       It affects your strength (-2).
   rPois:     It protects you from poison.
   rN:        It protects you from negative energy.
 p - a +3 hand axe
Armour
 c - a +0 buckler (worn)
 C - a +0 cloak of preservation (worn)
 D - a +0 chain mail (worn)
Jewellery
 i - a +4 ring of protection
 j - a +6 ring of strength (right hand)
 n - a ring of willpower (left hand)
 o - a ring of poison resistance
Wands
 d - a wand of flame (45)
 t - a wand of iceblast (18)
 w - a wand of paralysis (6)
Scrolls
 e - 7 scrolls of teleportation
 f - 3 scrolls of fear
 g - a scroll of brand weapon {unknown}
 l - a scroll of amnesia
 s - a scroll of poison
 y - 2 scrolls of magic mapping
 z - a scroll of enchant weapon
Potions
 a - 3 potions of attraction {unknown}
 b - a potion of mutation {unknown}
 h - a potion of cancellation {unknown}
 k - a potion of resistance {unknown}
 r - 3 potions of lignification
 u - 3 potions of flight
 v - 4 potions of brilliance
 x - a potion of degeneration {unknown}
 A - a potion of invisibility {unknown}
 B - a potion of berserk rage {unknown}


   Skills:
 + Level 10.7 Fighting
 - Level 8.5(10.0) Axes
 + Level 8.1(9.8) Maces & Flails
 + Level 10.7 Armour
 + Level 10.8 Shields


You had 10 spell levels left.
You didn't know any spells.
Your spell library contained the following spells:

 Spells                   Type           Power      Damage    Failure   Level
 Apportation              Tloc           0%         N/A       94%         1
 Beastly Appendage        Tmut           0%         N/A       94%         1
 Foxfire                  Conj/Fire      0%         2x1d4     94%         1
 Magic Dart               Conj           0%         1d3       94%         1
 Necrotize                Necr           0%         1d4       94%         1
 Summon Small Mammal      Summ           0%         N/A       94%         1
 Call Imp                 Summ           0%         N/A       98%         2
 Wereblood                Tmut           0%         N/A       98%         2
 Conjure Flame            Conj/Fire      0%         6-21      100%        3
 Inner Flame              Hex/Fire       0%         N/A       100%        3
 Mephitic Cloud           Conj/Pois/Air  0%         N/A       100%        3
 Ozocubu's Armour         Ice            0%         N/A       100%        3
 Spider Form              Tmut/Pois      0%         N/A       100%        3
 Flame Wave               Conj/Fire      0%         2d4       100%        4
 Summon Ice Beast         Ice/Summ       0%         N/A       100%        4
 Metabolic Englaciation   Hex/Ice        0%         N/A       100%        5
 Summon Mana Viper        Hex/Summ       0%         N/A       100%        5
 Simulacrum               Ice/Necr       0%         N/A       100%        6
 Monstrous Menagerie      Summ           0%         N/A       100%        7


Dungeon Overview and Level Annotations

Branches:
Dungeon (8/15)             Temple (1/1) D:5         Ossuary (visited)
   Lair: D:8-11

Altars:
Ashenzari
Cheibriados
Dithmenos
Elyvilon
Fedhas
Gozag
Hepliaklqana
Kikubaaqudgha
Makhleb
Nemelex Xobeh
Okawaru
Ru
Sif Muna
Trog
Uskayaw
Vehumet
Wu Jian
Xom
Yredelemnul
Zin
The Shining One


Innate Abilities, Weirdness & Mutations

You have a pair of horns on your head.
You reflexively headbutt those who attack you in melee.


Message History

The six-headed hydra is heavily wounded.
You block the six-headed hydra's attack. x2
The six-headed hydra bites you but does no damage. x2
The six-headed hydra bites you! x2
* * * LOW HITPOINT WARNING * * *
As you read the scroll of fear, it crumbles to dust.
You assume a fearsome visage.
The cyclops looks frightened!
The six-headed hydra looks frightened!
You hear the steady creaking of a distant portcullis.
Aiming: Iceblast
Press: ? - help, Shift-Dir - straight line, f - six-headed hydra
Aim: a six-headed hydra (moderately wounded)
The mass of ice explodes!
The iceblast engulfs the six-headed hydra.
The six-headed hydra is heavily wounded.
You hear an angry buzzing noise.
Aiming: Iceblast
Press: ? - help, Shift-Dir - straight line, f/p - six-headed hydra
Aim: a six-headed hydra (moderately wounded)
The mass of ice explodes!
The iceblast engulfs the six-headed hydra!!
The six-headed hydra is severely wounded.
You barely miss the six-headed hydra.
You headbutt the six-headed hydra, but do no damage.
The six-headed hydra is severely wounded.
You block the six-headed hydra's attack.
The six-headed hydra bites you.
* * * LOW HITPOINT WARNING * * *
The six-headed hydra bites you but does no damage.
The six-headed hydra barely misses you. The six-headed hydra bites you.
* * * LOW HITPOINT WARNING * * *
The six-headed hydra bites you.
* * * LOW HITPOINT WARNING * * *
You barely miss the six-headed hydra.
The six-headed hydra is severely wounded.
The six-headed hydra bites you!
* * * LOW HITPOINT WARNING * * *
You block the six-headed hydra's attack.
The six-headed hydra bites you!
You die...

######..##.# #.# #.# #..##.#
#.# #.# ##.##.# ##.####.#
#.##.# #........ #.##.#
##.##.#.# #..#.# #.##.#.#
#..#.# ##.##.#.#
######..#.###.......#
#..D@...............# ####
#.####..#.###..##....
#..###.#.....#..........##
#..D.D....................
#.#.##.#.##.............≈≈
#...#.##.#.##.#..###..###.≈#
#C##D#.##.#.##.##.#
#......≈# # ###.##.#.##.##.#
#...## ≈# #.##.#.##.##.. ..


You could see a six-headed hydra.

Vanquished Creatures
  A boulder beetle (D:7)
  3 two-headed ogres
  Pikel (D:4)
  A deep elf pyromancer (D:7)
  A cyclops (D:7)
  A gargoyle (D:6)
  Psyche (D:8)
  An unseen horror (D:7)
  Maggie (D:7)
  2 slime creatures (D:7)
  2 yaks (D:7)
  A steam dragon (D:6)
  Edmund (D:5)
  Duvessa (D:4)
  An orc warrior (D:7)
  An ice beast (D:8)
  2 black bears
  A centaur (D:7)
  2 phantoms
  5 elf zombies (Ossuary)
  4 bullfrogs
  2 necrophages
  3 scorpions
  13 wights
  Dowan (D:4)
  A howler monkey (D:6)
  2 centaur zombies (Ossuary)
  2 jellies (D:6)
  3 hounds
  5 orc priests
  Crazy Yiuf (D:4)
  2 human zombies (Ossuary)
  6 iguanas
  3 orc wizards (D:5)
  Natasha (thrice) (D:2)
  2 mummies (Ossuary)
  Robin (D:3)
  9 adders
  A shadow imp (D:8)
  3 white imps
  An adder zombie (Ossuary)
  A dart slug (D:4)
  25 orcs
  6 ball pythons
  5 bats
  4 endoplasms
  6 giant cockroaches
  19 goblins
  13 hobgoblins
  3 jackals (D:1)
  3 kobolds (D:2)
  3 quokkas
  A frilled lizard (D:1)
  8 hobgoblin zombies (Ossuary)
  2 jackal zombies (Ossuary)
  6 kobold zombies (Ossuary)
  11 orc zombies (Ossuary)
  6 rats
220 creatures vanquished.

Vanquished Creatures (others)
  A fungus (D:4)
  A plant (D:7)
2 creatures vanquished.

Grand Total: 222 creatures vanquished

Notes
Turn   | Place    | Note
-------+----------+-------------------------------------------
     0 | D:1      | riojii the Minotaur Fighter began the quest for the Orb.
     0 | D:1      | Reached XP level 1. HP: 19/19 MP: 0/0
   252 | D:1      | Reached XP level 2. HP: 20/27 MP: 1/1
   864 | D:2      | Reached XP level 3. HP: 33/33 MP: 2/2
   898 | D:2      | Noticed Natasha
   902 | D:2      | Killed Natasha
   995 | D:2      | Found a faded altar of an unknown god.
  1039 | D:2      | Reached XP level 4. HP: 40/40 MP: 3/3
  1571 | D:2      | Noticed Natasha
  1580 | D:2      | Killed Natasha
  2069 | D:2      | Noticed Natasha
  2077 | D:2      | Killed Natasha
  2078 | D:2      | Reached XP level 5. HP: 29/47 MP: 4/4
  2303 | D:2      | Identified the +5 flail of Accord {vamp, rPois rN+ Str-2}
  3030 | D:3      | Noticed Robin
  3057 | D:3      | Killed Robin
  3550 | D:3      | Reached skill level 5 in Axes
  3770 | D:4      | Noticed a black bear
  3777 | D:4      | Killed a black bear
  3778 | D:4      | Reached skill level 5 in Shields
  3778 | D:4      | Reached XP level 6. HP: 52/55 MP: 5/5
  3779 | D:4      | Reached skill level 5 in Armour
  3790 | D:4      | Reached skill level 5 in Fighting
  3814 | D:4      | Noticed Pikel
  3824 | D:4      | Killed Pikel
  3825 | D:4      | Reached XP level 7. HP: 21/63 MP: 6/6
  4045 | D:4      | Reached XP level 8. HP: 43/70 MP: 7/7
  4216 | D:4      | Found a sand-covered staircase.
  4263 | Ossuary  | Entered an ossuary
  5418 | D:4      | Noticed Duvessa
  5418 | D:4      | Noticed Dowan
  5425 | D:4      | Killed Duvessa
  5426 | D:4      | Reached skill level 1 in Maces & Flails
  5428 | D:4      | Killed Dowan
  5879 | D:4      | Found a runed translucent door.
  5880 | D:4      | Noticed Crazy Yiuf
  5889 | D:4      | Killed Crazy Yiuf
  5998 | D:5      | Entered Level 5 of the Dungeon
  6006 | D:5      | Found a sparkling altar of Nemelex Xobeh.
  6287 | D:5      | Reached XP level 9. HP: 52/79 MP: 8/8
  6430 | D:5      | Noticed Edmund
  6442 | D:5      | Killed Edmund
  6711 | D:5      | Found a staircase to the Ecumenical Temple.
  7003 | Temple   | Entered the Ecumenical Temple
  7150 | Temple   | Became a worshipper of Makhleb the Destroyer
  7528 | D:6      | Identified the +0 ring mail "Osiomelui" {*Corrode rPois
                  | Regen+ Stlth+}
  7667 | D:6      | Noticed a two-headed ogre
  7675 | D:6      | Killed a two-headed ogre
  8056 | D:6      | Found a basalt altar of Yredelemnul.
  8133 | D:6      | Noticed a gargoyle
  8141 | D:6      | Killed a gargoyle
  8142 | D:6      | Reached skill level 5 in Maces & Flails
  8641 | D:7      | Reached XP level 10. HP: 77/87 MP: 9/9
  8920 | D:7      | Found a broken altar of Ashenzari.
  8924 | D:7      | Saw a vision of the Swamp and the Snake Pit.
  8924 | D:7      | Noticed a naga warrior
  8924 | D:7      | Noticed a goliath frog
  8925 | D:7      | Noticed a will-o-the-wisp
  8930 | D:7      | Noticed Maggie
  8936 | D:7      | Killed Maggie
  8958 | D:7      | Found a hazy altar of Hepliaklqana.
  9099 | D:7      | Reached * piety under Makhleb
  9158 | D:7      | Noticed a two-headed ogre
  9180 | D:7      | Killed a two-headed ogre
  9998 | D:7      | Noticed a deep elf pyromancer
  9998 | D:7      | Noticed a cyclops
  9998 | D:7      | Noticed a two-headed ogre
  9998 | D:7      | Noticed a boulder beetle
 10009 | D:7      | Killed a cyclops
 10009 | D:7      | Killed a deep elf pyromancer
 10010 | D:7      | Reached skill level 10 in Fighting
 10010 | D:7      | Reached skill level 10 in Armour
 10010 | D:7      | Reached skill level 10 in Shields
 10133 | D:7      | Killed a two-headed ogre
 10175 | D:7      | Killed a boulder beetle
 10176 | D:7      | Reached XP level 11. HP: 17/101 MP: 10/10
 10973 | D:8      | Noticed Psyche
 10978 | D:8      | Killed Psyche
 11378 | D:8      | Found a white marble altar of Elyvilon.
 11414 | D:8      | Noticed a six-headed hydra
 11435 | D:8      | Slain by a six-headed hydra

Illustrated notes

Levels and vault maps discovered:
D:1:      minmay_arrival_semitransparent, layout_basic
D:2:      layout_basic, shapermc_ecumenical_altar_acropolis,
          minmay_pentomino_s2, uniq_natasha
D:3:      kennysheep_the_goblin_king, layout_loops_corners,
          minmay_misc_feat_nine_boxes, uniq_robin
D:4:      layout_basic, nicolae_ossuary_entry_ruins, uniq_duvessa,
          uniq_crazy_yiuf_cottage, uniq_pikel
D:5:      layout_basic, lemuel_crystal_altar, minmay_temple_entry_glassed_door,
          sigmund_army, uniq_edmund
D:6:      layout_basic, kennysheep_mini, corexii_shack
D:7:      minmay_the_grid_triangle_9x9_rhombus_thin
          [minmay_the_grid_triangle_9x9_intruding_spiral,
          minmay_the_grid_triangle_9x9_prize_top_heavy,
          minmay_the_grid_triangle_9x9_warning,
          minmay_the_grid_triangle_9x9_sprig], layout_basic,
          grunt_ashenzari_visionary [grunt_ashenzari_visionary_swamp,
          grunt_ashenzari_visionary_snake], mainiacjoe_overflow_boulevard,
          uniq_maggie
D:8:      minmay_cornered_nines, layout_basic, mainiacjoe_overflow_catwalk,
          kennysheep_mini_moat, enter_bailey_4, uniq_psyche
Temple:   nicolae_temple_elliptical

Skill      XL: |  1  2  3  4  5  6  7  8  9 10 11 |
---------------+----------------------------------+-----
Axes           | 3 4 5 7 8 |  8.5
Fighting       | 4 6 7 8 10 | 10.7
Armour         | 4 6 7 9 10 | 10.7
Shields        | 4 5 6 7 9 10 | 10.8
Maces & Flails | 2 5 7 8 |  8.1

Action                   |  1- 3 |  4- 6 |  7- 9 | 10-12 || total
-------------------------+-------+-------+-------+-------++-------
Melee: War axe           |    69 |    26 |       |       ||    95
       Headbutt          |    10 |    13 |    46 |    34 ||   103
       Flail             |       |    90 |   262 |   132 ||   484
Evoke: Wand              |       |       |       |     8 ||     8
  Use: Scroll            |     4 |     5 |     5 |     5 ||    19
       Potion            |       |     2 |     2 |     4 ||     8
Armor: Scale mail        |    30 |    64 |   107 |       ||   201
       Chain mail        |       |       |    15 |    58 ||    73
       Skin              |       |       |       |     1 ||     1
Dodge: Dodged            |    36 |    80 |   112 |    37 ||   265
Block: Buckler           |    19 |    25 |    48 |    34 ||   126

Table legend: (Time is in decaauts)
 A = Elapsed time spent in this place.
 B = Non-inter-level travel time spent in this place.
 C = Inter-level travel time spent in this place.
 D = Time resting spent in this place.
 E = Time spent auto-exploring this place.
 F = Levels seen in this place.
 G = Mean time per level.
                   A        B        C        D        E       F      G
               +--------+--------+--------+--------+--------+-----+--------+
         Total |  11543 |  11103 |    440 |    641 |   9026 |  10 | 1154.3 |
       Dungeon |  10838 |  10427 |    411 |    641 |   8535 |   8 | 1354.8 |
        Temple |    169 |    140 |     29 |      0 |    126 |   1 |  169.0 |
       Ossuary |    535 |    535 |      0 |      0 |    365 |   1 |  535.0 |
               +--------+--------+--------+--------+--------+-----+--------+

Top non-repeatable levels by time:
     D:7: 2428 daAuts
     D:2: 2052 daAuts
     D:4: 1541 daAuts
     D:6: 1336 daAuts
     D:3: 1193 daAuts
     D:5: 1028 daAuts
     D:1: 788 daAuts
 Ossuary: 535 daAuts
     D:8: 469 daAuts
  Temple: 169 daAuts
